 Dungeon Crawl Stone Soup version 0.29.1-1-gd02db6906a (webtiles) character file.

Game seed: 14669810726379027371

1969 shadownightmare the Fighter (level 9, 0/75 HPs)
             Began as a Gnoll Abyssal Knight on Oct 1, 2022.
             Was an Elder of Lugonu.
             Slain by Menkaure (15 damage)
             ... on level 6 of the Dungeon.
             The game lasted 00:15:24 (5217 turns).

shadownightmare the Fighter (Gnoll Abyssal Knight)  Turns: 5217, Time: 00:15:25

Health: 0/75       AC: 13    Str: 18    XL:     9   Next: 20%
Magic:  17/17      EV:  9    Int: 13    God:    Lugonu [****..]
Gold:   372        SH:  0    Dex: 14    Spells: 19/19 levels left

rFire   . . .      SeeInvis .   a - +1 falchion (flame)
rCold   . . .      Faith    .   (no shield)
rNeg    . . .      Spirit   .   n - +0 chain mail "Fyuv" {Stlth+}
rPois   .          Reflect  .   h - +0 helmet
rElec   .          Harm     .   e - +0 cloak
rCorr   .          Rampage  .   (no gloves)
Will    .....                   (no boots)
Stlth   +.........              l - amulet of regeneration
HPRegen 1.02/turn               q - +6 ring of strength
MPRegen 0.15/turn               (no ring)

@: no status effects
A: fangs 1, strong nose, distributed training
a: Renounce Religion, Depart the Abyss, Bend Space, Banish, Corrupt


You were on level 6 of the Dungeon.
You worshipped Lugonu.
Lugonu was greatly pleased with you.
You visited 1 branch of the dungeon, and saw 6 of its levels.
You visited the Abyss 1 time.
You also visited: Ossuary.

You collected 372 gold pieces.

Inventory:

Hand Weapons
 a - a +1 falchion of flaming (weapon)
Missiles
 b - a throwing net (quivered)
Armour
 e - a +0 cloak (worn)
 h - a +0 helmet (worn)
 m - a +3 ring mail of willpower
 n - the +0 chain mail "Fyuv" (worn) {Stlth+}
   (You found it on level 4 of the Dungeon)

   Stlth:     It makes you more stealthy.
Jewellery
 l - an amulet of regeneration (around neck)
 q - a +6 ring of strength (left hand)
Scrolls
 c - a scroll of fear
 i - a scroll of blinking
 k - 3 scrolls of teleportation
Potions
 d - a potion of curing
 f - 2 potions of heal wounds
 g - a potion of magic
 j - 2 potions of flight
 o - a potion of resistance
 p - 2 potions of brilliance
 r - a potion of lignification
 s - a potion of mutation {unknown}
 t - a potion of berserk rage


   Skills:
 + Level 8.7 Fighting
 + Level 5.6 Short Blades
 + Level 7.3 Long Blades
 + Level 5.6 Axes
 + Level 5.6 Maces & Flails
 + Level 5.6 Polearms
 + Level 5.6 Staves
 + Level 5.6 Ranged Weapons
 + Level 5.6 Throwing
 + Level 7.3 Armour
 + Level 6.2 Dodging
 + Level 5.6 Stealth
 + Level 5.6 Shields
 + Level 5.6 Unarmed Combat
 + Level 5.6 Spellcasting
 + Level 4.6 Conjurations
 + Level 4.6 Hexes
 + Level 4.6 Summonings
 + Level 4.6 Necromancy
 + Level 4.6 Translocations
 + Level 4.6 Transmutations
 + Level 4.6 Fire Magic
 + Level 4.6 Ice Magic
 + Level 4.6 Air Magic
 + Level 4.6 Earth Magic
 + Level 4.6 Poison Magic
 + Level 7.8 Invocations
 + Level 5.6 Evocations


You had 19 spell levels left.
You didn't know any spells.
Your spell library contained the following spells:

 Spells                   Type           Power      Damage    Failure   Level
 Beastly Appendage        Tmut           30%        N/A       26%         1
 Foxfire                  Conj/Fire      60%        2x1d7     26%         1
 Wereblood                Tmut           15%        N/A       38%         2
 Conjure Flame            Conj/Fire      15%        6-21      63%         3
 Inner Flame              Hex/Fire       15%        N/A       63%         3
 Spider Form              Tmut/Pois      15%        N/A       63%         3
 Tukima's Dance           Hex            15%        N/A       63%         3
 Flame Wave               Conj/Fire      15%        2d7       95%         4
 Passage of Golubria      Tloc           15%        N/A       95%         4
 Yara's Violent Unravell  Hex/Tmut       7%         3d5       100%        5


Dungeon Overview and Level Annotations

Branches:
Dungeon (6/15)            Ossuary (visited)
 Temple: D:4-7

Altars:
Dithmenos
Hepliaklqana
Qazlal
Vehumet

Annotations:
D:6 Menkaure


Innate Abilities, Weirdness & Mutations

You have very sharp teeth.
Your uncanny sense of smell can sniff out nearby items.
Your experience applies equally to all skills.


Message History

You hit Prince Ribbit. You burn Prince Ribbit. Your bite misses Prince Ribbit.
Prince Ribbit is almost dead.
Prince Ribbit blinks!
Prince Ribbit blinks!
No target in view!
No target in view!
Prince Ribbit blinks!
Prince Ribbit barely misses you.
You hit Prince Ribbit. You burn Prince Ribbit. Your punch misses Prince Ribbit.
Prince Ribbit is almost dead.
Prince Ribbit catches a centipede with his tongue.
Prince Ribbit blinks!
Prince Ribbit barely misses you.
You barely miss Prince Ribbit.
Prince Ribbit is almost dead.
Menkaure shouts!
Prince Ribbit hits you!
You closely miss Prince Ribbit.
Prince Ribbit is almost dead.
Prince Ribbit hits you but does no damage.
You barely miss Prince Ribbit.
Prince Ribbit is almost dead.
Prince Ribbit hits you!
Prince Ribbit hops awkwardly around.
Prince Ribbit blinks!
You slash Prince Ribbit! You burn Prince Ribbit.
You kill Prince Ribbit!
Lugonu accepts your kill.
Menkaure calls on the powers of darkness!
Your body is wracked with pain!
Menkaure hits you! Menkaure barely misses you.
You barely miss Menkaure. Menkaure hits you!
* * * LOW HITPOINT WARNING * * *
You hit Menkaure. You burn Menkaure.
Menkaure is moderately damaged.
You hit Menkaure. You burn Menkaure. You bite Menkaure, but do no damage.
Menkaure is moderately damaged.
Menkaure hits you!
You die...

#.# #.###########
#######.....>.....####### *
#...F...................# *
#.#####?....#####.#####.###
* *,* #.##..# #.# #.... *
*,* #.##..############### *
*,* #..........'...#.#.#
#######.#
##...@......###'#'#'#
.<......#
##...#M#####.#.'...'.##
######### #......#
#.###...###. * #....#.#
#.#.'...'.#. #.#.##.###
#.#'#'#'#'#. #.#.##...#
#.#.#.#.#.#. #.#.####.#
#.#########. #.#.# #.#
#.##.# #.
###.#.####.###.##.# #.


You could see Menkaure.

Vanquished Creatures
  Prince Ribbit (D:6)
  Sigmund (D:6)
  A black bear (D:4)
  An ogre (D:4)
  A necrophage (D:4)
  4 elf skeletons (D:6)
  2 scorpions
  A water moccasin zombie (Ossuary)
  A wight (Ossuary)
  2 bullfrog zombies (Ossuary)
  3 scorpion zombies (Ossuary)
  3 iguanas
  An ogre zombie (Ossuary)
  7 adders
  3 gnolls (D:3)
  An ufetubus (D:5)
  5 adder zombies (Ossuary)
  3 worms
  9 orcs
  2 endoplasms
  2 giant cockroaches
  2 gnoll zombies (Ossuary)
  8 goblins
  8 hobgoblins
  8 jackals
  4 quokkas
  2 ball pythons
  4 bats
  3 frilled lizards (D:1)
  2 goblin zombies (Ossuary)
  2 hobgoblin zombies (Ossuary)
  5 kobolds
  2 orc skeletons (D:6)
  An orc zombie (Ossuary)
  A rat (D:3)
106 creatures vanquished.

Vanquished Creatures (others)
  3 fungi (D:2)
  3 plants (D:2)
6 creatures vanquished.

Grand Total: 112 creatures vanquished

Notes
Turn   | Place    | Note
-------+----------+-------------------------------------------
     0 | Abyss:1  | shadownightmare the Gnoll Abyssal Knight began the quest
                  | for the Orb.
     0 | Abyss:1  | Reached XP level 1. HP: 23/23 MP: 3/3
     1 | D:1      | Escaped the Abyss
   243 | D:1      | Reached XP level 2. HP: 6/29 MP: 5/5
  1281 | D:2      | Reached XP level 3. HP: 35/35 MP: 6/6
  1482 | D:2      | Found a faded altar of an unknown god.
  1997 | D:3      | Reached *** piety under Lugonu
  2114 | D:3      | Reached skill level 1 in Short Blades
  2114 | D:3      | Reached skill level 1 in Axes
  2114 | D:3      | Reached skill level 1 in Maces & Flails
  2114 | D:3      | Reached skill level 1 in Polearms
  2114 | D:3      | Reached skill level 1 in Staves
  2114 | D:3      | Reached skill level 1 in Ranged Weapons
  2114 | D:3      | Reached skill level 1 in Throwing
  2114 | D:3      | Reached skill level 1 in Stealth
  2114 | D:3      | Reached skill level 1 in Shields
  2114 | D:3      | Reached skill level 1 in Unarmed Combat
  2114 | D:3      | Reached skill level 1 in Spellcasting
  2114 | D:3      | Reached skill level 1 in Evocations
  2123 | D:3      | Reached XP level 4. HP: 27/41 MP: 7/7
  2140 | D:3      | Reached skill level 1 in Conjurations
  2140 | D:3      | Reached skill level 1 in Hexes
  2140 | D:3      | Reached skill level 1 in Summonings
  2140 | D:3      | Reached skill level 1 in Necromancy
  2140 | D:3      | Reached skill level 1 in Translocations
  2140 | D:3      | Reached skill level 1 in Transmutations
  2140 | D:3      | Reached skill level 1 in Fire Magic
  2140 | D:3      | Reached skill level 1 in Ice Magic
  2140 | D:3      | Reached skill level 1 in Air Magic
  2140 | D:3      | Reached skill level 1 in Earth Magic
  2140 | D:3      | Reached skill level 1 in Poison Magic
  2361 | D:3      | Reached XP level 5. HP: 47/47 MP: 8/8
  2510 | D:3      | Found a stormy altar of Qazlal.
  2876 | D:4      | Identified the +0 chain mail "Fyuv" {Stlth+}
  2914 | D:4      | Noticed an ogre
  2933 | D:4      | Killed an ogre
  2934 | D:4      | Reached skill level 5 in Long Blades
  2934 | D:4      | Reached skill level 5 in Armour
  2934 | D:4      | Reached skill level 5 in Invocations
  2934 | D:4      | Reached XP level 6. HP: 24/53 MP: 9/9
  3030 | D:4      | Noticed a black bear
  3041 | D:4      | Killed a black bear
  3044 | D:4      | Found a hazy altar of Hepliaklqana.
  3129 | D:4      | Reached XP level 7. HP: 37/59 MP: 10/10
  3250 | D:4      | Reached skill level 7 in Fighting
  3573 | D:5      | Entered Level 5 of the Dungeon
  4337 | D:5      | Reached **** piety under Lugonu
  4454 | D:6      | Noticed Menkaure
  4540 | D:6      | Noticed Sigmund
  4545 | D:6      | Reached skill level 8 in Fighting
  4545 | D:6      | Reached skill level 5 in Short Blades
  4545 | D:6      | Reached skill level 5 in Axes
  4545 | D:6      | Reached skill level 5 in Maces & Flails
  4545 | D:6      | Reached skill level 5 in Polearms
  4545 | D:6      | Reached skill level 5 in Staves
  4545 | D:6      | Reached skill level 5 in Ranged Weapons
  4545 | D:6      | Reached skill level 5 in Throwing
  4545 | D:6      | Reached skill level 5 in Stealth
  4545 | D:6      | Reached skill level 5 in Shields
  4545 | D:6      | Reached skill level 5 in Unarmed Combat
  4545 | D:6      | Reached skill level 5 in Spellcasting
  4545 | D:6      | Reached skill level 5 in Evocations
  4545 | D:6      | Reached XP level 8. HP: 69/69 MP: 11/16
  4568 | D:6      | Killed Sigmund
  4621 | D:6      | Found a shadowy altar of Dithmenos.
  4632 | D:6      | Found a radiant altar of Vehumet.
  4745 | D:6      | Found a sand-covered staircase.
  4764 | Ossuary  | Entered an ossuary
  4925 | Ossuary  | Reached XP level 9. HP: 55/75 MP: 17/17
  4978 | Ossuary  | Noticed a silent spectre
  5049 | D:6      | Noticed Prince Ribbit
  5069 | D:6      | HP: 3/75 [Menkaure (13)]
  5210 | D:6      | Killed Prince Ribbit
  5217 | D:6      | Slain by Menkaure

Illustrated notes

Levels and vault maps discovered:
D:1:      minmay_arrival_nine_rooms, layout_loops_ring
D:2:      layout_loops_cross, shapermc_ecumenical_altar_mp_ritualfount
D:3:      layout_basic, overflow_temple_1_default
D:4:      layout_loops_cross, mainiacjoe_overflow_cross_hatched
D:5:      layout_basic
D:6:      layout_loops_ring, amcnicky_altar_gilded,
          mainiacjoe_overflow_tiny_flanked, lemuel_tele_altar,
          nicolae_ossuary_entry_catacombs, uniq_sigmund, uniq_menkaure,
          uniq_blork_the_orc, uniq_prince_ribbit1

Skill      XL: |  1  2  3  4  5  6  7 |
---------------+----------------------+-----
Short Blades   | 1 2 5 |  5.6
Axes           | 1 2 5 |  5.6
Maces & Flails | 1 2 5 |  5.6
Polearms       | 1 2 5 |  5.6
Staves         | 1 2 5 |  5.6
Ranged Weapons | 1 2 5 |  5.6
Throwing       | 1 2 5 |  5.6
Stealth        | 1 2 5 |  5.6
Shields        | 1 2 5 |  5.6
Unarmed Combat | 1 2 5 |  5.6
Spellcasting   | 1 2 5 |  5.6
Evocations     | 1 2 5 |  5.6
Conjurations   | 1 4 |  4.6
Hexes          | 1 4 |  4.6
Summonings     | 1 4 |  4.6
Necromancy     | 1 4 |  4.6
Translocations | 1 4 |  4.6
Transmutations | 1 4 |  4.6
Fire Magic     | 1 4 |  4.6
Ice Magic      | 1 4 |  4.6
Air Magic      | 1 4 |  4.6
Earth Magic    | 1 4 |  4.6
Poison Magic   | 1 4 |  4.6
Dodging        | 3 6 |  6.2
Long Blades    | 5 7 |  7.3
Armour         | 5 7 |  7.3
Invocations    | 5 7 |  7.8
Fighting       | 8 |  8.7

Action                   |  1- 3 |  4- 6 |  7- 9 || total
-------------------------+-------+-------+-------++-------
Melee: Falchion          |   125 |    83 |   289 ||   497
       Bite              |    17 |    13 |    45 ||    75
       Punch             |     1 |     1 |     7 ||     9
  Use: Scroll            |     6 |     5 |    13 ||    24
       Potion            |     1 |     2 |     4 ||     7
Armor: Leather armour    |    22 |       |       ||    22
       Ring mail         |    33 |    23 |       ||    56
       Chain mail        |       |    35 |   181 ||   216
Dodge: Dodged            |   103 |    34 |   108 ||   245
